[ AOE2 MATCH · #506924900 ]
UnrankedTupi vs Britons
Player's team · WIN
Rival team · LOSS
[ REPLAY ANALYSIS · EXTRACTED FROM THE RECORDED GAME ]
Feudal
10:06
Castle
23:18
Imperial
—
| APM avg | 52.8 |
| APM peak | 75 |
| eAPM avg | 25.4 |
| Villagers / military | 67 / 12 |
Focus
⚔️ 42.3% · 🌾 57.7%
Unknown (2550) ×20 · Archer ×10 · Mangonel ×2
Feudal
11:46
Castle
16:16
Imperial
—
| APM avg | 83.7 |
| APM peak | 143 |
| eAPM avg | 39.6 |
| Villagers / military | 118 / 6 |
Focus
⚔️ 50.3% · 🌾 49.7%
Archer ×3 · Mangonel ×3
Match map
Initial resources + every placement click. Lines = walls · curves = elevation contours. ◆ gold · ⬟ stone · ● berries · ✦ relic · ◌ wall gap
Your base· Open — opponent sealed themselves in
VL Tou's base· ✓ Closed at 16:16 · 50t walls · no gate
Smoothed initial terrain · ◌ = detected wall gap · hover for details
Inputs per minute
— Lina - - VL Tou
Build order — Lina
First 150 of 195 actions detected
| 0:01 | Create | Villager (Male) |
| 0:01 | Create | Villager (Male) |
| 0:02 | Build | House |
| 0:04 | Build | Barracks |
| 0:08 | Create | Villager (Male) |
| 0:08 | Create | Villager (Male) |
| 0:33 | Build | House |
| 1:09 | Create | Unit 2550 |
| 1:34 | Create | Villager (Male) |
| 2:02 | Create | Villager (Male) |
| 2:25 | Create | Villager (Male) |
| 2:49 | Create | Villager (Male) |
| 3:05 | Build | House |
| 3:17 | Create | Villager (Male) |
| 3:41 | Create | Villager (Male) |
| 4:05 | Create | Villager (Male) |
| 4:16 | Build | Palisade Wall |
| 4:17 | Build | Palisade Wall |
| 4:26 | Create | Villager (Male) |
| 4:40 | Create | Villager (Male) |
| 5:10 | Create | Villager (Male) |
| 5:18 | Build | House |
| 5:24 | Create | Villager (Male) |
| 5:25 | Create | Villager (Male) |
| 5:47 | Create | Villager (Male) |
| 5:52 | Create | Villager (Male) |
| 6:16 | Create | Villager (Male) |
| 6:36 | Build | Settlement |
| 6:52 | Create | Villager (Male) |
| 7:29 | Research | Loom |
| 7:49 | Research | Feudal Age |
| 7:52 | Build | Settlement |
| 8:38 | Build | Settlement |
| 9:12 | Create | Unit 2550 |
| 9:12 | Create | Unit 2550 |
| 9:45 | Create | Unit 2550 |
| 9:48 | Build | Palisade Wall |
| 9:49 | Build | Palisade Wall |
| 10:03 | Create | Unit 2550 |
| 10:06 | Age | Feudal Age |
| 10:08 | Create | Villager (Male) |
| 10:09 | Research | Tech 1402 |
| 10:34 | Create | Villager (Male) |
| 10:38 | Create | Villager (Male) |
| 10:45 | Build | Archery Range |
| 10:49 | Create | Villager (Male) |
| 10:54 | Build | Palisade Wall |
| 10:56 | Create | Villager (Male) |
| 11:19 | Build | Palisade Wall |
| 11:20 | Build | Palisade Gate |
| 11:28 | Build | House |
| 11:29 | Build | Palisade Wall |
| 11:34 | Create | Villager (Male) |
| 11:37 | Research | Arson |
| 11:38 | Create | Archer |
| 11:38 | Create | Archer |
| 11:57 | Research | Double-Bit Axe |
| 12:07 | Create | Villager (Male) |
| 12:12 | Create | Archer |
| 12:15 | Build | Palisade Wall |
| 12:19 | Build | Palisade Wall |
| 12:34 | Build | Watch Tower |
| 12:35 | Create | Villager (Male) |
| 12:48 | Build | Farm |
| 12:48 | Create | Archer |
| 13:01 | Build | Palisade Wall |
| 13:26 | Create | Villager (Male) |
| 13:28 | Build | Farm |
| 13:45 | Create | Villager (Male) |
| 13:55 | Build | Watch Tower |
| 13:56 | Create | Villager (Male) |
| 13:58 | Build | Farm |
| 14:29 | Create | Archer |
| 14:32 | Build | Blacksmith |
| 14:56 | Build | House |
| 15:06 | Create | Villager (Male) |
| 15:08 | Build | Farm |
| 15:11 | Create | Archer |
| 15:22 | Create | Villager (Male) |
| 15:32 | Create | Archer |
| 15:56 | Create | Archer |
| 15:58 | Create | Villager (Male) |
| 16:01 | Build | Farm |
| 16:02 | Research | Fletching |
| 16:14 | Create | Villager (Male) |
| 16:17 | Build | Farm |
| 16:35 | Build | Watch Tower |
| 16:36 | Create | Villager (Male) |
| 16:46 | Build | House |
| 16:53 | Create | Villager (Male) |
| 16:59 | Create | Villager (Male) |
| 17:07 | Build | Market |
| 17:09 | Build | House |
| 17:14 | Create | Villager (Male) |
| 17:38 | Create | Villager (Male) |
| 17:43 | Build | Farm |
| 17:44 | Build | Farm |
| 17:45 | Build | Farm |
| 18:05 | Create | Villager (Male) |
| 18:09 | Build | Farm |
| 18:15 | Build | Palisade Wall |
| 18:27 | Build | House |
| 18:35 | Create | Villager (Male) |
| 19:14 | Create | Villager (Male) |
| 19:19 | Build | Farm |
| 19:20 | Build | Farm |
| 19:58 | Create | Villager (Male) |
| 20:28 | Build | Watch Tower |
| 20:38 | Research | Castle Age |
| 20:54 | Create | Unit 2550 |
| 21:51 | Build | Farm |
| 21:54 | Research | Horse Collar |
| 21:56 | Research | Gold Mining |
| 22:04 | Create | Villager (Male) |
| 22:12 | Build | Palisade Gate |
| 22:19 | Create | Villager (Male) |
| 22:37 | Build | Farm |
| 22:40 | Build | House |
| 22:45 | Create | Unit 2550 |
| 23:14 | Build | Farm |
| 23:18 | Age | Castle Age |
| 23:23 | Research | Bodkin Arrow |
| 23:29 | Build | Siege Workshop |
| 23:32 | Build | University |
| 23:34 | Create | Archer |
| 23:34 | Create | Archer |
| 23:47 | Research | Tech 1351 |
| 23:48 | Create | Villager (Male) |
| 23:56 | Build | Town Center |
| 24:05 | Create | Villager (Male) |
| 24:12 | Create | Mangonel |
| 24:24 | Research | Crossbowman (upgrade) |
| 24:27 | Create | Villager (Male) |
| 24:44 | Build | Farm |
| 24:55 | Create | Villager (Male) |
| 25:07 | Create | Mangonel |
| 25:08 | Build | House |
| 25:14 | Create | Villager (Male) |
| 25:20 | Create | Villager (Male) |
| 25:27 | Build | Farm |
| 25:37 | Create | Villager (Male) |
| 25:38 | Build | House |
| 25:50 | Create | Villager (Male) |
| 26:09 | Create | Villager (Male) |
| 26:27 | Create | Villager (Male) |
| 26:31 | Create | Villager (Male) |
| 26:34 | Build | Farm |
| 26:35 | Build | Farm |
| 26:35 | Build | Farm |
| 26:35 | Build | Farm |
Build order — VL Tou
First 150 of 217 actions detected
| 0:00 | Create | Villager (Male) |
| 0:01 | Create | Villager (Male) |
| 0:01 | Create | Villager (Male) |
| 0:01 | Create | Villager (Male) |
| 0:02 | Build | House |
| 0:04 | Build | House |
| 1:08 | Create | Villager (Male) |
| 1:08 | Create | Villager (Male) |
| 1:36 | Create | Villager (Male) |
| 1:36 | Create | Villager (Male) |
| 1:38 | Build | Lumber Camp |
| 2:01 | Create | Villager (Male) |
| 2:01 | Create | Villager (Male) |
| 2:39 | Create | Villager (Male) |
| 2:39 | Create | Villager (Male) |
| 3:00 | Build | House |
| 3:10 | Create | Villager (Male) |
| 3:10 | Create | Villager (Male) |
| 3:23 | Build | Palisade Wall |
| 3:36 | Create | Villager (Male) |
| 3:36 | Create | Villager (Male) |
| 3:54 | Create | Villager (Male) |
| 3:54 | Create | Villager (Male) |
| 4:12 | Create | Villager (Male) |
| 4:12 | Create | Villager (Male) |
| 4:30 | Create | Villager (Male) |
| 4:43 | Build | Mill |
| 5:09 | Create | Villager (Male) |
| 5:09 | Create | Villager (Male) |
| 5:24 | Create | Villager (Male) |
| 5:27 | Build | Palisade Wall |
| 5:39 | Create | Villager (Male) |
| 5:39 | Create | Villager (Male) |
| 5:46 | Build | Palisade Wall |
| 5:49 | Create | Villager (Male) |
| 5:49 | Create | Villager (Male) |
| 6:13 | Create | Villager (Male) |
| 6:23 | Build | House |
| 6:31 | Create | Villager (Male) |
| 6:44 | Build | Lumber Camp |
| 7:04 | Build | Farm |
| 7:10 | Build | Palisade Wall |
| 7:32 | Build | House |
| 7:35 | Create | Villager (Male) |
| 7:44 | Build | Palisade Wall |
| 7:47 | Create | Villager (Male) |
| 8:14 | Build | Farm |
| 8:26 | Create | Villager (Male) |
| 8:34 | Build | Palisade Wall |
| 8:36 | Research | Loom |
| 8:46 | Build | Palisade Wall |
| 8:51 | Build | Palisade Wall |
| 9:03 | Build | Mining Camp |
| 9:12 | Research | Feudal Age |
| 9:13 | Research | Feudal Age |
| 9:23 | Build | House |
| 10:04 | Build | Farm |
| 10:37 | Build | Barracks |
| 10:57 | Create | Villager (Male) |
| 11:46 | Age | Feudal Age |
| 11:50 | Build | Archery Range |
| 12:03 | Create | Villager (Male) |
| 12:29 | Build | Blacksmith |
| 12:32 | Create | Villager (Male) |
| 12:39 | Create | Archer |
| 13:07 | Build | House |
| 13:12 | Build | Palisade Wall |
| 13:19 | Build | Mining Camp |
| 13:27 | Build | Palisade Wall |
| 13:36 | Research | Castle Age |
| 13:36 | Research | Castle Age |
| 13:38 | Build | Palisade Wall |
| 13:48 | Build | House |
| 13:57 | Build | Stone Wall |
| 13:59 | Build | Watch Tower |
| 14:57 | Create | Villager (Male) |
| 14:58 | Build | Farm |
| 15:32 | Build | Market |
| 15:45 | Create | Villager (Male) |
| 15:59 | Create | Villager (Male) |
| 16:01 | Build | Farm |
| 16:02 | Build | Farm |
| 16:06 | Build | Farm |
| 16:08 | Build | Stone Wall |
| 16:16 | Age | Castle Age |
| 16:25 | Build | Town Center |
| 16:38 | Create | Villager (Male) |
| 16:47 | Build | Stone Wall |
| 17:09 | Build | Siege Workshop |
| 17:14 | Build | Stone Wall |
| 17:17 | Build | Stone Wall |
| 17:19 | Build | Stone Wall |
| 17:28 | Create | Villager (Male) |
| 17:42 | Create | Villager (Male) |
| 17:46 | Create | Villager (Male) |
| 18:09 | Create | Mangonel |
| 18:10 | Create | Mangonel |
| 18:10 | Create | Villager (Male) |
| 18:15 | Create | Villager (Male) |
| 18:30 | Create | Villager (Male) |
| 18:31 | Create | Villager (Male) |
| 18:35 | Create | Villager (Male) |
| 18:35 | Create | Villager (Male) |
| 18:39 | Build | Farm |
| 18:42 | Build | Farm |
| 19:08 | Create | Villager (Male) |
| 19:39 | Build | Farm |
| 19:41 | Create | Villager (Male) |
| 19:41 | Create | Villager (Male) |
| 19:48 | Build | Market |
| 20:01 | Build | House |
| 20:04 | Create | Archer |
| 20:13 | Build | Farm |
| 20:13 | Create | Villager (Male) |
| 20:15 | Build | Farm |
| 20:20 | Build | Farm |
| 20:29 | Build | House |
| 20:37 | Build | House |
| 20:40 | Build | Stone Wall |
| 20:42 | Create | Villager (Male) |
| 20:42 | Create | Villager (Male) |
| 20:58 | Create | Villager (Male) |
| 20:58 | Create | Villager (Male) |
| 21:17 | Build | Farm |
| 21:18 | Create | Villager (Male) |
| 21:20 | Build | Farm |
| 21:42 | Create | Villager (Male) |
| 21:42 | Create | Villager (Male) |
| 21:47 | Create | Villager (Male) |
| 21:47 | Create | Villager (Male) |
| 22:19 | Build | House |
| 22:23 | Build | House |
| 22:25 | Create | Villager (Male) |
| 22:25 | Create | Villager (Male) |
| 22:36 | Build | Farm |
| 22:37 | Create | Villager (Male) |
| 22:37 | Create | Villager (Male) |
| 22:39 | Build | Farm |
| 22:51 | Research | Double-Bit Axe |
| 22:51 | Research | Double-Bit Axe |
| 22:52 | Create | Villager (Male) |
| 22:52 | Create | Villager (Male) |
| 23:02 | Build | House |
| 23:10 | Research | Horse Collar |
| 23:10 | Create | Villager (Male) |
| 23:11 | Create | Villager (Male) |
| 23:22 | Build | Stone Wall |
| 23:24 | Create | Villager (Male) |
| 23:24 | Create | Villager (Male) |
| 23:45 | Create | Villager (Male) |
Match timeline
| 0:04 | Lina · first_building Barracks |
| 3:23 | VL Tou · wall_segment Palisade Wall x9 |
| 4:16 | Lina · wall_segment Palisade Wall x1 |
| 4:17 | Lina · wall_segment Palisade Wall x3 |
| 5:27 | VL Tou · wall_segment Palisade Wall x5 |
| 5:46 | VL Tou · wall_segment Palisade Wall x7 |
| 7:10 | VL Tou · wall_segment Palisade Wall x5 |
| 7:44 | VL Tou · wall_segment Palisade Wall x5 |
| 8:34 | VL Tou · wall_segment Palisade Wall x6 |
| 8:46 | VL Tou · wall_segment Palisade Wall x5 |
| 8:51 | VL Tou · wall_segment Palisade Wall x3 |
| 9:48 | Lina · wall_segment Palisade Wall x1 |
| 9:49 | Lina · wall_segment Palisade Wall x2 |
| 10:06 | Lina · age_up feudal |
| 10:37 | VL Tou · first_building Barracks |
| 10:45 | Lina · first_building Archery Range |
| 10:54 | Lina · wall_segment Palisade Wall x6 |
| 11:19 | Lina · wall_segment Palisade Wall x1 |
| 11:29 | Lina · wall_segment Palisade Wall x3 |
| 11:46 | VL Tou · age_up feudal |
| 11:50 | VL Tou · first_building Archery Range |
| 12:15 | Lina · wall_segment Palisade Wall x1 |
| 12:19 | Lina · wall_segment Palisade Wall x1 |
| 13:01 | Lina · wall_segment Palisade Wall x1 |
| 13:12 | VL Tou · wall_segment Palisade Wall x1 |
| 13:27 | VL Tou · wall_segment Palisade Wall x1 |
| 13:38 | VL Tou · wall_segment Palisade Wall x1 |
| 13:57 | VL Tou · wall_segment Stone Wall x1 |
| 16:08 | VL Tou · wall_segment Stone Wall x1 |
| 16:16 | VL Tou · age_up castle |
| 16:47 | VL Tou · wall_segment Stone Wall x4 |
| 17:09 | VL Tou · first_building Siege Workshop |
| 17:14 | VL Tou · wall_segment Stone Wall x1 |
| 17:17 | VL Tou · wall_segment Stone Wall x1 |
| 17:19 | VL Tou · wall_segment Stone Wall x1 |
| 17:39 | VL Tou · first_market_sell 100 stone |
| 18:15 | Lina · wall_segment Palisade Wall x1 |
| 19:44 | Lina · first_market_buy 100 food |
| 19:45 | Lina · first_market_sell 100 stone |
| 20:40 | VL Tou · wall_segment Stone Wall x1 |
| 22:49 | VL Tou · first_market_buy 100 food |
| 23:18 | Lina · age_up castle |
| 23:22 | VL Tou · wall_segment Stone Wall x3 |
| 23:29 | Lina · first_building Siege Workshop |
| 24:12 | VL Tou · wall_segment Stone Wall x1 |
| 24:26 | VL Tou · wall_segment Stone Wall x1 |
| 25:25 | VL Tou · first_building Castle |
| 28:38 | VL Tou · wall_segment Stone Wall x12 |
| 29:17 | VL Tou · wall_segment Stone Wall x1 |
| 30:30 | VL Tou · resign |
[ AI ANALYSIS · 1 CREDIT ]
What really happened in this match?
Wolo.gg analyzes every decision: build order, eco, micro, common mistakes by bracket. Personalized analysis on WhatsApp or Discord in 30 seconds.
Civ guide
Tupi
Perfil
Jugador #299269